 Dungeon Crawl Stone Soup version 0.29-a0-1027-gcd8c55af63 (webtiles) character file.

Game seed: 12770038837994525782

635 27heaven the Conjurer (level 7, -3/45 HPs)
             Began as an Octopode Conjurer on Aug 12, 2022.
             Slain by Edmund
             ... wielding a +5 flail of protection
              (11 damage)
             ... on level 5 of the Dungeon.
             The game lasted 00:08:48 (6678 turns).

27heaven the Conjurer (Octopode Conjurer)           Turns: 6678, Time: 00:08:49

Health: -3/45      AC:  1    Str:  7    XL:     7   Next: 50%
Magic:  13/13      EV: 28    Int: 28    God:
Gold:   220        SH:  0    Dex: 10    Spells: 13/14 levels left

rFire   . . .      SeeInvis +   B - +2 dagger (elec)
rCold   . . .      Faith    .   (no shield)
rNeg    . . .      Spirit   .   (helmet restricted)
rPois   .          Reflect  .   u - amulet of the acrobat
rElec   .          Harm     .   c - ring of see invisible
rCorr   .          Rampage  .   i - +6 ring of intelligence
Will    .....                   (no ring)
Stlth   ++++......              (no ring)
HPRegen 0.15/turn               (no ring)
MPRegen 0.13/turn               (no ring)
                                (no ring)
                                (no ring)

@: acrobatic
A: almost no armour, amphibious, 8 rings, camouflage 1, gelatinous body 1,
(nimble swimmer 1), tentacles, tentacle spike 1, no potion heal 1, MP-powered
wands
a: no special abilities


You were on level 5 of the Dungeon.
You visited 1 branch of the dungeon, and saw 5 of its levels.

You collected 220 gold pieces.

Inventory:

Hand Weapons
 B - a +2 dagger of electrocution (weapon)
Jewellery
 c - a ring of see invisible (left tentacle)
 f - a +6 ring of intelligence
 i - a +6 ring of intelligence (right tentacle)
 u - an amulet of the acrobat (around mantle)
Wands
 n - a wand of charming (10)
 x - a wand of flame (27)
 z - a wand of acid (7)
Scrolls
 b - a scroll of identify
 e - a scroll of fog {unknown}
 h - a scroll of enchant weapon
 j - 4 scrolls of teleportation
 k - a scroll of summoning
 l - a scroll of vulnerability {unknown}
 o - a scroll of torment {unknown}
 p - 3 scrolls of immolation {unknown}
 q - a scroll of poison {unknown}
 s - a scroll of noise {unknown}
 v - a scroll of blinking {unknown}
 y - a scroll of enchant armour {unknown}
 A - a scroll of silence {unknown}
Potions
 a - a potion of magic
 d - 2 potions of curing
 g - 2 potions of flight
 m - a potion of heal wounds {unknown}
 t - a potion of haste
 w - a potion of attraction {unknown}
 C - a potion of might {unknown}


   Skills:
 + Level 2.5 Fighting
 + Level 3.3 Dodging
 + Level 5.1 Stealth
 * Level 4.3 Spellcasting
 * Level 5.8 Conjurations


You had 13 spell levels left.
You knew the following spells:

 Your Spells              Type           Power      Damage    Failure   Level
a - Magic Dart            Conj           100%       1d8       1%          1

Your spell library contained the following spells:

 Spells                   Type           Power      Damage    Failure   Level
 Searing Ray              Conj           76%        2d7       1%          2
 Dazzling Flash           Conj/Hex       44%        N/A       6%          3
 Stone Arrow              Conj/Erth      44%        3d9       6%          3
 Sandblast                Erth           12%        2d6       8%          1
 Passwall                 Tmut/Erth      5%         N/A       11%         2
 Fulminant Prism          Conj/Hex       11%        3d9       22%         4
 Iskenderun's Mystic Bla  Conj/Tloc      22%        2d6       22%         4


Dungeon Overview and Level Annotations

Branches:
Dungeon (5/15)
 Temple: D:4-7

Altars:
Nemelex Xobeh

Shops:
D:1 (

Annotations:
D:3 Sigmund
D:5 Edmund, Pikel


Innate Abilities, Weirdness & Mutations

You cannot wear most types of armour.
You are amphibious.
You can wear up to eight rings at the same time.
Your skin changes colour to match your surroundings (Stealth+).
Your rubbery body absorbs attacks. (AC +1, EV +1)
((You are camouflaged when in or above water. (Stealth+)))
You have tentacles for arms and can constrict up to eight enemies at once.
One of your tentacles bears a spike.
Potions are less effective at restoring your health.
You expend magic power (3 MP) to strengthen your wands.


Message History

You hit the scorpion but do no damage. You grab the scorpion.
You pierce the scorpion, but do no damage.
You squeeze the scorpion.
The scorpion is moderately wounded.
You constrict the scorpion, but do no damage.
The scorpion stings you.
You hit the scorpion but do no damage. Lightning courses through the scorpion!
You pierce the scorpion, but do no damage.
You squeeze the scorpion.
You kill the scorpion!
Your Stealth skill increases to level 5!
No target in view!
You now have 207 gold pieces (gained 2).
Found a stone staircase leading up.
Found a mace.
You see here a +0 mace.
You now have 220 gold pieces (gained 13).
A howler monkey comes into view.
A howler monkey is nearby!
Edmund the Younger comes into view.
He is wielding a +5 flail of protection.
The helpless howler monkey fails to defend itself.
You puncture the howler monkey! You grab the howler monkey.
You squeeze the howler monkey!
You kill the howler monkey!
The helpless Edmund fails to defend himself.
You hit Edmund. Your grab misses Edmund.
You pierce Edmund, but do no damage.
Edmund is lightly wounded.
Edmund hits you with a +5 flail of protection!
You closely miss Edmund. You grab Edmund. You squeeze Edmund, but do no damage.
Edmund is lightly wounded.
You constrict Edmund, but do no damage.
Edmund hits you with a +5 flail of protection!
You release your grip on Edmund.
Edmund says, "Maybe I'll buy a title.
How does Count Edmund sound?"
Edmund hits you with a +5 flail of protection!
* * * LOW HITPOINT WARNING * * *
There is a stone staircase leading up here.
Okay, then.
Edmund hits you with a +5 flail of protection!
You die...

# #.# ######..# #.### #.
#.# #.......# #.# #.##
#.###.......#####.#
#...###
#.##...........##.#
#.....#
#..#.......###.##.#
#####.....####.#.......#
#.#
.............).........#
###
#####.....####.#.##.#..##
#.....# #.#@#......#
##.#.## #.#.@......#
#.###.## #.##....##..#
#.# ##.###.##.#.## #....
## #..##.......# #####
#.#..........#
##.#####......##
.............## #
##########.####


You could see Edmund.

Vanquished Creatures
  Eustachio (D:4)
  2 scorpions (D:5)
  A howler monkey (D:5)
  Crazy Yiuf (D:4)
  An orc priest (D:5)
  A hound (D:4)
  An iguana (D:4)
  An orc wizard (D:2)
  Robin (D:4)
  3 gnolls (D:4)
  7 adders
  2 dart slugs
  7 orcs
  8 ball pythons
  9 bats
  7 endoplasms
  3 giant cockroaches
  11 goblins
  11 hobgoblins
  5 kobolds
  A frilled lizard (D:1)
  6 rats
90 creatures vanquished.

Notes
Turn   | Place    | Note
-------+----------+-------------------------------------------
     0 | D:1      | 27heaven the Octopode Conjurer began the quest for the Orb.
     0 | D:1      | Reached XP level 1. HP: 11/11 MP: 3/3
   219 | D:1      | Reached XP level 2. HP: 16/17 MP: 1/5
   676 | D:1      | Found a faded altar of an unknown god.
   858 | D:1      | Found Lapn's Antique Weapon Shop.
  1184 | D:2      | Reached XP level 3. HP: 22/22 MP: 3/6
  1273 | D:2      | Found a sparkling altar of Nemelex Xobeh.
  2528 | D:3      | Reached XP level 4. HP: 27/27 MP: 4/7
  2605 | D:3      | Reached skill level 1 in Fighting
  3136 | D:2      | Reached XP level 5. HP: 27/33 MP: 4/9
  3280 | D:3      | Identified the +2 leather armour "Ditt" {rElec Dex+3
                  | Stlth+}
  3475 | D:4      | Noticed Sigmund
  3478 | D:4      | Noticed Robin
  3610 | D:2      | HP: 1/33 [hobgoblin[Robin] (1)]
  4240 | D:4      | Found a runed translucent door.
  4241 | D:4      | Noticed Crazy Yiuf
  4330 | D:4      | Killed Robin
  4625 | D:4      | Reached skill level 5 in Conjurations
  4840 | D:4      | Reached XP level 6. HP: 24/39 MP: 4/11
  5190 | D:4      | Killed Crazy Yiuf
  5253 | D:5      | Entered Level 5 of the Dungeon
  5278 | D:5      | Noticed Eustachio
  5595 | D:4      | Killed Eustachio
  5968 | D:4      | Gained mutation: Potions are less effective at restoring
                  | your health. [potion of mutation]
  5968 | D:4      | Gained mutation: You expend magic power (3 MP) to
                  | strengthen your wands. [potion of mutation]
  5968 | D:4      | Gained mutation: One of your tentacles bears a spike.
                  | [potion of mutation]
  6028 | D:5      | Noticed Pikel
  6092 | D:5      | Reached XP level 7. HP: 27/45 MP: 11/13
  6605 | D:5      | Reached skill level 5 in Stealth
  6657 | D:5      | Noticed Edmund
  6678 | D:5      | Slain by Edmund

Illustrated notes

Levels and vault maps discovered:
D:1:      nzn_arrival_depleted_hourglass, layout_basic,
          ebering_ecumenical_altar_webs, serial_shops, nicolae_shop_behind_doors
D:2:      layout_basic, basic_altar, dreamdust_princess_bridge
D:3:      minmay_bubble_buster, layout_rooms, minmay_strange_pillars
D:4:      layout_loops_ring, uniq_crazy_yiuf_cottage, uniq_sigmund, uniq_robin
D:5:      layout_loops_ring, gammafunk_temple_overflow_statue, uniq_edmund,
          uniq_eustachio, uniq_pikel

Skill      XL: |  1  2  3  4  5  6  7 |
---------------+----------------------+-----
Stealth        | 3 4 5 |  5.1
Fighting       | 1 2 |  2.5
Spellcasting   | 3 4 |  4.3
Conjurations   | 5 |  5.8
Dodging        | 3 |  3.3

Action                   |  1- 3 |  4- 6 |  7- 9 || total
-------------------------+-------+-------+-------++-------
Melee: Dagger            |    24 |    89 |    22 ||   135
       Constrict         |     5 |    23 |     9 ||    37
       Tentacles         |     5 |    19 |     8 ||    32
       Kick              |       |     2 |     8 ||    10
 Cast: Magic Dart        |    52 |    88 |       ||   140
  Use: Potion            |       |     8 |       ||     8
       Scroll            |       |     5 |       ||     5
 Stab: Sleeping          |     2 |     3 |     2 ||     7
       Invisible         |       |     1 |       ||     1
Armor: Skin              |     1 |    17 |     1 ||    19
Dodge: Dodged            |     8 |    84 |     6 ||    98

Table legend: (Time is in decaauts)
 A = Elapsed time spent in this place.
 B = Non-inter-level travel time spent in this place.
 C = Inter-level travel time spent in this place.
 D = Time resting spent in this place.
 E = Time spent auto-exploring this place.
 F = Levels seen in this place.
 G = Mean time per level.
                   A        B        C        D        E       F      G
               +--------+--------+--------+--------+--------+-----+--------+
         Total |   6665 |   6493 |    172 |   1114 |   4490 |   5 | 1333.0 |
       Dungeon |   6665 |   6493 |    172 |   1114 |   4490 |   5 | 1333.0 |
               +--------+--------+--------+--------+--------+-----+--------+

Top non-repeatable levels by time:
     D:2: 1981 daAuts
     D:4: 1923 daAuts
     D:3: 1080 daAuts
     D:1: 885 daAuts
     D:5: 795 daAuts
